 Dungeon Crawl Stone Soup version 0.31.0-32-g396128a36d (webtiles) character file.

Game seed: 14048083010126007411

7085 AdnanSaban the Basher (level 11, -1/66 HPs)
             Began as a Gargoyle Fighter on Apr 11, 2024.
             Was a High Priest of Okawaru.
             Slain by an efreet
             ... wielding a +0 scimitar of flaming
              (4 damage)
             ... on level 10 of the Dungeon.
             The game lasted 00:23:29 (12008 turns).

AdnanSaban the Basher (Gargoyle Fighter)           Turns: 12008, Time: 00:23:29

Health: -1/66      AC: 32    Str: 24    XL:     11   Next: 9%
Magic:  0/15       EV:  9    Int:  9    God:    Okawaru [*****.]
Gold:   596        SH:  6    Dex:  9    Spells: 10/10 levels left

rFire   . . .        O - +3 flail
rCold   . . .        c - +0 buckler
rNeg    + . .        H - +0 plate armour
rPois   ∞            q - +2 helmet
rElec   +            N - +1 cloak
rCorr   .            B - +0 pair of gloves
SInv    +            (no boots)
Will    +....        y - amulet of guardian spirit Stlth
                     i - ring of see invisible
HPRegen 0.31/turn    z - ring of willpower
MPRegen 0.14/turn

%: guardian spirit
@: heroic
A: sickness immunity, AC +8, negative energy resistance 1, electricity
resistance, torment resistance 1, petrification resistance
a: Renounce Religion, Heroism, Finesse, Duel


You were on level 10 of the Dungeon.
You worshipped Okawaru.
Okawaru was extremely pleased with you.
You visited 2 branches of the dungeon, and saw 11 of its levels.
You also visited: Sewer and Bailey.

You collected 596 gold pieces.

Inventory:

Hand Weapons
 K - a +1 flail of draining
 O - a +3 flail (weapon)
Missiles
 k - 4 poisoned darts (quivered)
 t - 10 javelins
 F - 3 boomerangs
Armour
 c - a +0 buckler (worn)
 q - a +2 helmet (worn)
 B - a +0 pair of gloves (worn)
 H - a +0 plate armour (worn)
 N - a +1 cloak (worn)
Jewellery
 i - a ring of see invisible (left hand)
 y - an amulet of guardian spirit (around neck)
 z - a ring of willpower (right hand)
 E - a ring of ice
 L - a ring of protection from fire
 M - a ring of flight
Wands
 a - a wand of mindburst (23)
 C - a wand of paralysis (15)
 I - a wand of roots (10)
Scrolls
 f - 5 scrolls of fear {unknown}
 h - 3 scrolls of blinking {unknown}
 j - 4 scrolls of poison {unknown}
 m - 7 scrolls of identify {unknown}
 n - 4 scrolls of amnesia {unknown}
 p - 4 scrolls of immolation {unknown}
 u - 4 scrolls of teleportation {unknown}
 v - 2 scrolls of fog {unknown}
 x - 2 scrolls of vulnerability {unknown}
 A - 2 scrolls of silence {unknown}
 G - 3 scrolls of enchant armour {unknown}
 J - 3 scrolls of noise {unknown}
 P - a scroll of revelation {unknown}
Potions
 b - a potion of invisibility {unknown}
 d - 3 potions of might
 e - 6 potions of curing {unknown}
 g - 3 potions of mutation
 l - 4 potions of haste {unknown}
 o - 3 potions of attraction {unknown}
 r - a potion of magic {unknown}
 s - 4 potions of cancellation {unknown}
 w - 2 potions of enlightenment
 D - 2 potions of heal wounds {unknown}


   Skills:
 + Level 6.9(11.9) Fighting
 + Level 10.2(15.2) Maces & Flails
 + Level 3.4(8.4) Throwing
 + Level 9.1(14.1) Armour
 + Level 2.7(7.7) Dodging
 + Level 0.4(5.4) Stealth
 + Level 7.0(12.0) Shields
 + Level 5.7 Invocations


You had 10 spell levels left.
You didn't know any spells.
Your spell library contained the following spells:

 Spells                   Type           Power      Damage    Failure   Level
 Kiss of Death            Conj/Necr      0%         2d5       98%         1
 Ensorcelled Hibernation  Hex/Ice        0%         N/A       99%         2
 Confusing Touch          Hex            0%         N/A       100%        3
 Passwall                 Erth           0%         N/A       100%        3
 Swiftness                Air            0%         N/A       100%        3
 Dispel Undead            Necr           0%         3d6       100%        4


Dungeon Overview and Level Annotations

Branches:
Dungeon (10/15)            Temple (1/1) D:7            Lair (0/5) D:10
  Sewer (visited)          Bailey (visited)
    Orc: D:9-12

Altars:
Ashenzari
Cheibriados
Dithmenos
Elyvilon
Fedhas
Gozag
Hepliaklqana
Kikubaaqudgha
Makhleb
Nemelex Xobeh
Okawaru
Qazlal
Ru
Sif Muna
Trog
Uskayaw
Vehumet
Wu Jian
Xom
Yredelemnul
Zin
The Shining One

Shops:
D:5 **

Annotations:
D:6 1 runed translucent door, McKennaii's ghost, novice DgCj


Innate Abilities, Weirdness & Mutations

You are immune to sickness and miasma.
Your stone body is resilient. (AC +8)
You are immune to poison.
You resist negative energy. (rN+)
You are resistant to electric shocks. (rElec)
You are resistant to unholy torment.
You are immune to petrification.


Message History

The fireball explodes!
The fireball engulfs you but does no damage.
You throw a poisoned dart.
The poisoned dart barely misses the efreet.
You hear a splash.
The efreet gestures at you. The bolt of fire hits you.
You throw a poisoned dart. The poisoned dart hits the efreet.
The efreet looks even sicker.
The efreet is lightly wounded.
You hear a splash.
The efreet gestures at you.
The fireball explodes!
The fireball engulfs you!!
You hit the efreet but do no damage.
The efreet is lightly wounded.
You block the efreet's attack.
You hit the efreet.
The efreet is moderately wounded.
The efreet gestures at you.
The fireball explodes!
The fireball engulfs you!
The fireball engulfs the efreet.
The efreet completely resists.
You hear a howl!
You hit the efreet but do no damage.
The efreet is moderately wounded.
The efreet gestures at you. The bolt of fire hits you!!
You hit the efreet but do no damage.
The efreet is moderately wounded.
The efreet gestures at you. The bolt of fire hits you!
* * * LOW HITPOINT WARNING * * *
You gain the combat prowess of a mighty hero.
The efreet hits you with a +0 scimitar of flaming.
* * * LOW HITPOINT WARNING * * *
The efreet burns you.
* * * LOW HITPOINT WARNING * * *
You hit the efreet but do no damage.
The efreet is moderately wounded.
The efreet hits you with a +0 scimitar of flaming.
You die...

#.######.###########.##..........
#.# #.##### #.###.......P. #.#
#...<.# #.####........ #.#
#############..#####.....# #.#
#.........#.....#.### #.#
#.........#.......# #.#
#......§.......[### #.#
#....§.§..~~....## #.#
#...@§~§.~~≈≈~~~~#### #.#
#...R§≈≈≈~~≈≈≈≈≈≈≈#≈≈ #.#
#.~≈≈≈≈≈≈≈≈~~~~~#~≈#≈ #.##≈≈≈≈#≈
#≈≈≈≈≈≈≈≈≈≈.~.....##≈ ~.#≈≈≈≈≈≈≈
≈≈≈≈≈≈≈≈≈≈≈#.##.##.###
~~≈≈≈≈≈≈≈≈≈≈≈≈≈≈≈##≈≈≈#.##.##.#
≈≈≈≈≈≈≈≈≈≈≈≈≈≈≈#####≈##.##....###
≈≈≈≈≈≈≈≈≈≈≈≈≈≈# #####.####.....
≈≈≈≈≈#≈≈≈ #.....####..###


You could see an efreet (poisoned).

Vanquished Creatures
  A boulder beetle (D:8)
  An arcanist (D:8)
  A manticore (D:9)
  2 hornets
  A shadow (D:9)
  A wyvern (D:9)
  4 yaks
  A warg (D:9)
  Grum (D:9)
  A water moccasin (D:7)
  4 orc warriors
  An ogre (D:6)
  3 wolves
  3 centaurs
  A black bear (D:8)
  A brain worm (Sewer)
  3 bullfrogs
  5 scorpions
  2 gnoll sergeants
  12 wights
  3 killer bees (D:10)
  2 electric eels (D:10)
  3 howler monkeys
  A bombardier beetle (D:5)
  2 jellies
  8 orc priests
  3 hounds
  Jessica (D:3)
  Natasha (thrice) (D:4)
  An iguana (D:7)
  A sleepcap (D:4)
  16 orc wizards
  15 gnolls
  7 adders
  3 river rats (Sewer)
  A shadow imp (D:6)
  2 white imps (D:7)
  6 ufetubi
  7 dart slugs
  3 ribbon worms
  31 orcs
  12 bats
  6 endoplasms
  2 giant cockroaches
  14 hobgoblins
  4 jackals (Sewer)
  3 kobolds
  4 quokkas
  9 ball pythons
  5 frilled lizards
  15 goblins
  5 rats
247 creatures vanquished.

Notes
Turn   | Place    | Note
-------+----------+-------------------------------------------
     0 | D:1      | AdnanSaban the Gargoyle Fighter began the quest for the
                  | Orb.
     0 | D:1      | Reached XP level 1. HP: 14/14 MP: 1/1
   138 | D:1      | Reached XP level 2. HP: 19/19 MP: 2/2
   323 | D:1      | You fall into a shaft and drop 1 floor!
   744 | D:2      | Reached XP level 3. HP: 23/23 MP: 3/3
   915 | D:2      | Reached XP level 4. HP: 29/29 MP: 4/4
  1016 | D:2      | Reached skill level 3 in Maces & Flails
  1478 | D:3      | Noticed Jessica
  1660 | D:3      | Found a glowing drain.
  1685 | Sewer    | Entered a sewer
  1739 | Sewer    | Reached XP level 5. HP: 15/33 MP: 5/5
  2056 | Sewer    | Reached skill level 1 in Dodging
  2291 | Sewer    | Reached XP level 6. HP: 35/38 MP: 6/6
  2687 | D:3      | Found a snail-covered altar of Cheibriados.
  2687 | D:3      | Found a faded altar of an unknown god.
  2694 | D:3      | Found an iron altar of Okawaru.
  2696 | D:3      | Found a hide-covered altar of Uskayaw.
  2700 | D:3      | Found a faded altar of an unknown god.
  2705 | D:3      | Became a worshipper of Warmaster Okawaru
  2958 | D:3      | Killed Jessica
  2959 | D:3      | Reached skill level 4 in Maces & Flails
  3791 | D:4      | Reached XP level 7. HP: 42/43 MP: 7/7
  3897 | D:4      | Noticed Natasha
  3904 | D:4      | Killed Natasha
  4118 | D:4      | Noticed Natasha
  4129 | D:4      | Killed Natasha
  4253 | D:4      | Noticed Natasha
  4267 | D:4      | Killed Natasha
  4318 | D:5      | Entered Level 5 of the Dungeon
  4338 | D:5      | Reached skill level 5 in Maces & Flails
  4343 | D:5      | Reached skill level 5 in Armour
  4358 | D:5      | Found Zuxzom's Assorted Antiques.
  4374 | D:5      | Found Sieh's Superlative Supplies.
  4475 | D:5      | Reached * piety under Okawaru
  4505 | D:4      | Reached skill level 1 in Invocations
  4949 | D:6      | Reached skill level 6 in Maces & Flails
  4949 | D:6      | Reached XP level 8. HP: 48/48 MP: 6/9
  4987 | D:6      | Found a runed translucent door.
  4990 | D:6      | Noticed McKennaii's ghost (novice DgCj)
  5063 | D:6      | Found a shadowy altar of Dithmenos.
  5085 | D:6      | Reached skill level 5 in Shields
  6245 | D:7      | Found a sparkling altar of Nemelex Xobeh.
  6269 | D:7      | Noticed a hornet
  6287 | D:7      | Killed a hornet
  6288 | D:7      | Reached skill level 1 in Throwing
  6628 | D:7      | Reached skill level 5 in Fighting
  6659 | D:7      | Reached skill level 7 in Maces & Flails
  6703 | D:7      | Found a white marble altar of Elyvilon.
  6774 | D:7      | Found a staircase to the Ecumenical Temple.
  6789 | D:7      | Reached XP level 9. HP: 54/54 MP: 11/11
  6810 | Temple   | Entered the Ecumenical Temple
  7155 | D:7      | Found a broken altar of Ashenzari.
  7157 | D:7      | Found a stormy altar of Qazlal.
  7164 | D:7      | Found a basalt altar of Yredelemnul.
  7167 | D:7      | Found a glowing silver altar of Zin.
  7167 | D:7      | Found an ornate altar of the Wu Jian Council.
  7174 | D:7      | Found a bloodstained altar of Trog.
  7175 | D:7      | Found a hazy altar of Hepliaklqana.
  7626 | D:8      | Noticed a hornet
  7649 | D:8      | Killed a hornet
  8015 | D:8      | Reached ** piety under Okawaru
  8388 | D:8      | Noticed a boulder beetle
  8539 | D:8      | Reached skill level 8 in Maces & Flails
  8661 | D:8      | Killed a boulder beetle
  8661 | D:8      | Reached *** piety under Okawaru
  8662 | D:8      | Reached skill level 5 in Invocations
  8962 | D:9      | Found a flagged portal.
  8979 | Bailey   | Entered a bailey
  9192 | Bailey   | Reached XP level 10. HP: 48/60 MP: 13/13
  9256 | Bailey   | Noticed an orc knight
  9377 | D:9      | Noticed Grum
  9505 | D:9      | Killed Grum
  9547 | D:9      | Noticed an arcanist
  9682 | D:8      | Killed an arcanist
  9682 | D:8      | Reached **** piety under Okawaru
  9683 | D:8      | Reached skill level 9 in Maces & Flails
  9893 | D:9      | Noticed a manticore
  9914 | D:9      | Killed a manticore
 10711 | D:10     | Entered Level 10 of the Dungeon
 10722 | D:10     | Reached ***** piety under Okawaru
 10879 | D:10     | Reached XP level 11. HP: 63/66 MP: 13/15
 10938 | D:10     | Found a staircase to the Lair.
 10987 | D:9      | Reached skill level 10 in Maces & Flails
 11345 | D:10     | Found a burning altar of Makhleb.
 12007 | D:10     | HP: 3/66 [efreet/+0 scimitar of flaming (3)]
 12008 | D:10     | Slain by an efreet

Illustrated notes

Levels and vault maps discovered:
D:1:      dpeg_arrival_stone_temple_mockup, layout_basic
D:2:      layout_loops_corners, skrybe_limestone_x, nrook_mini_backslash,
          minmay_tetromino_o2
D:3:      layout_basic, chequers_temple_overflow_minitemple,
          cheibrodos_sewer_entry_bend, uniq_jessica
D:4:      layout_rooms, uniq_natasha
D:5:      layout_cave_pools, minmay_misc_feat_alley, nicolae_alphabet_shops,
          nicolae_take_the_stairs
D:6:      layout_basic, mainiacjoe_overflow_small_starburst,
          ebering_ghost_reflecting_pool
D:7:      layout_basic, elyvilon_altar_1, nicolae_overflow_hallway_of_the_gods,
          nemelex_xobeh_ov_fountains_minmay, minmay_temple_entry_glass
D:8:      layout_loops_ring
D:9:      cheibrodos_wizards_tower, layout_rooms, enter_bailey_2,
          minmay_misc_feat_hallway, uniq_grum
D:10:     layout_basic, general_overflow_altar, erik_lair_orcish_takeover
Temple:   nicolae_temple_two_arcs

Skill      XL: |  1  2  3  4  5  6  7  8  9 10 11 |
---------------+----------------------------------+-----
Maces & Flails | 3 4 6 7 8 9 10 | 10.2
Shields        | 4 5 6 7 |  7.0
Armour         | 4 5 6 7 8 9 |  9.1
Fighting       | 4 5 6 |  6.9
Dodging        | 1 2 |  2.7
Invocations    | 1 3 5 |  5.7
Throwing       | 1 2 3 |  3.4
Stealth        | |  0.4

Action                     |  1- 3 |  4- 6 |  7- 9 | 10-12 || total
---------------------------+-------+-------+-------+-------++-------
  Melee: Flail             |    85 |   326 |   464 |   299 ||  1174
  Throw: Dart              |       |       |    41 |    20 ||    61
 Invoke: Heroism           |       |       |     3 |     3 ||     6
 Armour: Scale mail        |    57 |   196 |       |       ||   253
         Chain mail        |       |   113 |   226 |       ||   339
         Plate armour      |       |       |   221 |   325 ||   546
  Dodge: Dodged            |    49 |   216 |   199 |   131 ||   595
  Block: Buckler           |    31 |    99 |   130 |    84 ||   344
